 Dungeon Crawl Stone Soup version 0.29-a0-824-gd827844252 (webtiles) character file.

Game seed: 5038099256515648155

996 lesaewzxc the Poker (level 8, -3/66 HPs)
             Began as a Gnoll Wanderer on July 8, 2022.
             Was a Priest of Fedhas.
             Slain by a lemure (6 damage)
             ... led by Pikel
             ... on level 7 of the Dungeon on July 10, 2022.
             The game lasted 00:21:58 (4269 turns).

lesaewzxc the Poker (Gnoll Wanderer)                Turns: 4269, Time: 00:22:00

Health: -3/66      AC:  9    Str: 14    XL:     8   Next: 19%
Magic:  12/12      EV:  6    Int: 10    God:    Fedhas [***...]
Gold:   96         SH: 14    Dex: 13    Spells: 13/13 levels left

rFire   . . .      SeeInvis .   a - +2 spear
rCold   . . .      Faith    .   l - +2 tower shield
rNeg    . . .      Spirit   .   h - +1 scale mail
rPois   .          Reflect  .   (no helmet)
rElec   .          Harm     .   (no cloak)
rCorr   .          Rampage  .   c - +0 pair of gloves
Will    .....                   (no boots)
Stlth   +.........              (no amulet)
HPRegen 0.21/turn               s - ring of ice
MPRegen 0.13/turn               t - ring of fire

@: unable to read
A: fangs 1, strong nose, distributed training, robust 1, wild magic 1, inability
to read while threatened 1
a: Renounce Religion, Wall of Briars, Grow Ballistomycete


You were on level 7 of the Dungeon.
You worshipped Fedhas.
Fedhas was most pleased with you.
You visited 1 branch of the dungeon, and saw 7 of its levels.

You collected 310 gold pieces.
You spent 214 gold pieces at shops.

Inventory:

Hand Weapons
 a - a +2 spear (weapon)
 d - a +0 scythe
Armour
 c - a +0 pair of gloves (worn)
 e - a +0 leather armour
 h - a +1 scale mail (worn)
 l - a +2 tower shield (worn)
 q - a +0 buckler
Magical Staves
 f - a staff of death
Jewellery
 s - a ring of ice (left hand)
 t - a ring of fire (right hand)
Wands
 n - a wand of digging (6)
Scrolls
 g - a scroll of enchant weapon
 m - a scroll of fog {unknown}
 p - a scroll of poison
 r - a scroll of identify
Potions
 b - a potion of invisibility
 i - a potion of might
 j - a potion of heal wounds
 o - a potion of cancellation


   Skills:
 + Level 4.1 Fighting
 + Level 3.1 Short Blades
 + Level 3.1 Long Blades
 + Level 3.1 Axes
 + Level 5.6 Maces & Flails
 + Level 7.3 Polearms
 + Level 3.1 Staves
 + Level 3.1 Ranged Weapons
 + Level 3.1 Throwing
 + Level 5.6 Armour
 + Level 4.1 Dodging
 + Level 3.1 Stealth
 + Level 3.1 Shields
 + Level 3.1 Unarmed Combat
 + Level 3.1 Spellcasting
 + Level 2.5 Conjurations
 + Level 2.5 Hexes
 + Level 2.5 Summonings
 + Level 2.5 Necromancy
 + Level 2.5 Translocations
 + Level 2.5 Transmutations
 + Level 2.5 Fire Magic
 + Level 2.5 Ice Magic
 + Level 2.5 Air Magic
 + Level 2.5 Earth Magic
 + Level 2.5 Poison Magic
 + Level 4.4 Invocations
 + Level 3.1 Evocations


You had 13 spell levels left.
You didn't know any spells.
Your spell library contained the following spells:

 Spells                   Type           Power      Damage    Failure   Level
 Magic Dart               Conj           32%        1d4       99%         1
 Sting                    Tmut/Pois      32%        1d4       99%         1
 Call Imp                 Summ           8%         N/A       100%        2
 Ensorcelled Hibernation  Hex/Ice        26%        N/A       100%        2
 Passwall                 Tmut/Erth      6%         N/A       100%        2
 Poisonous Vapours        Pois/Air       16%        N/A       100%        2
 Inner Flame              Hex/Fire       13%        N/A       100%        3
 Mephitic Cloud           Conj/Pois/Air  8%         N/A       100%        3
 Swiftness                Air            8%         N/A       100%        3
 Cause Fear               Hex            4%         N/A       100%        4
 Corpse Rot               Necr/Pois/Air  8%         N/A       100%        4
 Dispel Undead            Necr           8%         3d8       100%        4
 Olgreb's Toxic Radiance  Pois           8%         N/A       100%        4
 Death Channel            Necr           4%         N/A       100%        6
 Discord                  Hex            4%         N/A       100%        8


Dungeon Overview and Level Annotations

Branches:
Dungeon (7/15)             Temple (0/1) D:7

Altars:
Fedhas

Shops:
D:6 *

Annotations:
D:7 Pikel


Innate Abilities, Weirdness & Mutations

You have very sharp teeth.
Your uncanny sense of smell can sniff out nearby items.
Your experience applies equally to all skills.
You are robust. (+10% HP)
Your spells are a little harder to cast, but a little more powerful.
You occasionally lose the ability to read scrolls when taking damage.


Message History

You feel threatened and lose the ability to read scrolls!
The wight freezes you.
Your surroundings suddenly seem different.
Pikel and 4 lemures come into view.
Pikel is wielding a +0 whip of flaming.
Found 14 gold pieces.
Found a staircase to the Ecumenical Temple.
Pikel shouts!
The lemure shouts! x4
Pikel hits you with a +0 whip of flaming!
* * * LOW HITPOINT WARNING * * *
Pikel burns you.
* * * LOW HITPOINT WARNING * * *
You closely miss Pikel. You block Pikel's attack.
The lemure hits you but does no damage. The lemure hits you.
* * * LOW HITPOINT WARNING * * *
You hit Pikel.
Pikel is lightly wounded.
Pikel hits you with a +0 whip of flaming.
* * * LOW HITPOINT WARNING * * *
Pikel burns you.
* * * LOW HITPOINT WARNING * * *
The lemure hits you.
* * * LOW HITPOINT WARNING * * *
You block the lemure's attack. The lemure hits you but does no damage.
You closely miss Pikel. Your bite misses Pikel.
Pikel is lightly wounded.
You block the lemure's attack. x2
Pikel hits you with a +0 whip of flaming.
* * * LOW HITPOINT WARNING * * *
Pikel burns you.
* * * LOW HITPOINT WARNING * * *
The lemure hits you.
* * * LOW HITPOINT WARNING * * *
You hit Pikel.
Pikel is lightly wounded.
Pikel says, "Time is money, and you're costing me too much!"
Pikel drinks a potion.
Pikel flickers and vanishes!
Deactivating autopickup; reactivate with Ctrl-A.
The lemure hits you.
You die...
Fedhas appreciates your contribution to the ecosystem.

.........
###.....#..............
....................z< .
...................z#
#.##..................z#
.......................#
.......5................
$##...5{5#.#............
......5@#.#.#...#.......
.......#.#.#.#. #.......
........#.>.#.. ........
.......#.#.#.#.
........#.#.#..
.........#.#...
#..............
#.....#.....###


You could see 4 lemures.

Vanquished Creatures
  Sigmund (D:2)
  A wraith (D:6)
  A sky beast (D:6)
  A phantom (D:4)
  2 bullfrogs (D:6)
  2 scorpions
  2 hounds (D:6)
  An iguana (D:5)
  An orc wizard (D:3)
  6 adders
  3 worms
  3 dart slugs
  5 orcs
  3 ball pythons
  8 endoplasms
  3 giant cockroaches
  4 goblins
  13 hobgoblins
  14 jackals
  7 kobolds
  3 quokkas
  10 bats
  5 frilled lizards
  9 rats
108 creatures vanquished.

Notes
Turn   | Place    | Note
-------+----------+-------------------------------------------
     0 | D:1      | lesaewzxc the Gnoll Wanderer began the quest for the Orb.
     0 | D:1      | lesaewzxc set off with the following items: a +2 spear, a
                  | +0 mace, a +0 pair of gloves, a potion of might, a +0
                  | leather armour.
     0 | D:1      | Reached XP level 1. HP: 17/17 MP: 2/2
   149 | D:1      | Reached XP level 2. HP: 16/23 MP: 3/3
   163 | D:1      | Upgraded the game from 0.29-a0-821-g66395355a5 to
                  | 0.29-a0-823-gc37b1572da
   427 | D:1      | Found a faded altar of an unknown god.
   505 | D:1      | Prayed at the altar of an unknown god.
   505 | D:1      | Became a worshipper of Fedhas Madash
   505 | D:1      | Reached * piety under Fedhas
   530 | D:1      | Reached XP level 3. HP: 21/28 MP: 4/4
   650 | D:1      | Gained mutation: You are robust. (+10% HP) [potion of
                  | mutation]
   650 | D:1      | Gained mutation: Your spells are a little harder to cast,
                  | but a little more powerful. [potion of mutation]
   650 | D:1      | Gained mutation: You occasionally lose the ability to read
                  | scrolls when taking damage. [potion of mutation]
   905 | D:2      | Reached skill level 1 in Short Blades
   905 | D:2      | Reached skill level 1 in Long Blades
   905 | D:2      | Reached skill level 1 in Axes
   905 | D:2      | Reached skill level 1 in Staves
   905 | D:2      | Reached skill level 1 in Ranged Weapons
   905 | D:2      | Reached skill level 1 in Throwing
   905 | D:2      | Reached skill level 1 in Stealth
   905 | D:2      | Reached skill level 1 in Shields
   905 | D:2      | Reached skill level 1 in Unarmed Combat
   905 | D:2      | Reached skill level 1 in Spellcasting
   905 | D:2      | Reached skill level 1 in Evocations
  1163 | D:2      | Reached XP level 4. HP: 37/37 MP: 6/6
  1192 | D:2      | Reached ** piety under Fedhas
  1631 | D:2      | Noticed Sigmund
  1643 | D:2      | Killed Sigmund
  1644 | D:2      | Reached skill level 1 in Conjurations
  1644 | D:2      | Reached skill level 1 in Hexes
  1644 | D:2      | Reached skill level 1 in Summonings
  1644 | D:2      | Reached skill level 1 in Necromancy
  1644 | D:2      | Reached skill level 1 in Translocations
  1644 | D:2      | Reached skill level 1 in Transmutations
  1644 | D:2      | Reached skill level 1 in Fire Magic
  1644 | D:2      | Reached skill level 1 in Ice Magic
  1644 | D:2      | Reached skill level 1 in Air Magic
  1644 | D:2      | Reached skill level 1 in Earth Magic
  1644 | D:2      | Reached skill level 1 in Poison Magic
  1644 | D:2      | Reached XP level 5. HP: 40/45 MP: 7/7
  1644 | D:2      | Reached XP level 6. HP: 46/51 MP: 8/8
  1844 | D:3      | Reached skill level 5 in Maces & Flails
  1844 | D:3      | Reached skill level 5 in Armour
  2041 | D:3      | Upgraded the game from 0.29-a0-823-gc37b1572da to
                  | 0.29-a0-824-gd827844252
  2361 | D:3      | Reached *** piety under Fedhas
  2895 | D:4      | Reached skill level 7 in Polearms
  2895 | D:4      | Reached XP level 7. HP: 47/57 MP: 10/10
  3259 | D:5      | Entered Level 5 of the Dungeon
  3823 | D:6      | Found Moffotui's General Store.
  3834 | D:6      | Bought a +2 tower shield for 214 gold pieces
  3940 | D:6      | Noticed a wraith
  3969 | D:6      | Killed a wraith
  3970 | D:6      | Reached XP level 8. HP: 28/66 MP: 12/12
  4047 | D:6      | Found the +3 woodcutter's axe {vorpal}
  4265 | D:7      | Found a staircase to the Ecumenical Temple.
  4265 | D:7      | Noticed Pikel
  4268 | D:7      | HP: 3/66 [Pikel/+0 whip of flaming (1)]
  4269 | D:7      | Slain by a lemure

Illustrated notes

Levels and vault maps discovered:
D:1:      lightli_arrival_lavapool, layout_rooms,
          shapermc_ecumenical_altar_petra, st_stairs_1, dk_noncrumbling_2
D:2:      layout_loops_ring, uniq_sigmund
D:3:      layout_loops_ring, minmay_fractal_squares_diagonal_5
D:4:      layout_rooms, minmay_crossroads
D:5:      layout_basic, minmay_fractal_squares_gapless_5
D:6:      layout_loops_ring, serial_shops, shop, st_stairs_1, kb_rosetta
D:7:      layout_cave_pools, minmay_temple_entry_grid, uniq_pikel

Skill      XL: |  1  2  3  4  5  6  7 |
---------------+----------------------+-----
Short Blades   | 1 2 3 |  3.1
Long Blades    | 1 2 3 |  3.1
Axes           | 1 2 3 |  3.1
Staves         | 1 2 3 |  3.1
Ranged Weapons | 1 2 3 |  3.1
Throwing       | 1 2 3 |  3.1
Stealth        | 1 2 3 |  3.1
Shields        | 1 2 3 |  3.1
Unarmed Combat | 1 2 3 |  3.1
Spellcasting   | 1 2 3 |  3.1
Evocations     | 1 2 3 |  3.1
Fighting       | 3 4 |  4.1
Dodging        | 3 4 |  4.1
Conjurations   | 1 2 |  2.5
Hexes          | 1 2 |  2.5
Summonings     | 1 2 |  2.5
Necromancy     | 1 2 |  2.5
Translocations | 1 2 |  2.5
Transmutations | 1 2 |  2.5
Fire Magic     | 1 2 |  2.5
Ice Magic      | 1 2 |  2.5
Air Magic      | 1 2 |  2.5
Earth Magic    | 1 2 |  2.5
Poison Magic   | 1 2 |  2.5
Invocations    | 3 4 |  4.4
Maces & Flails | 5 |  5.6
Armour         | 5 |  5.6
Polearms       | 7 |  7.3

Action                   |  1- 3 |  4- 6 |  7- 9 || total
-------------------------+-------+-------+-------++-------
Melee: Spear             |   127 |   153 |   160 ||   440
       Bite              |    11 |    18 |    19 ||    48
       Punch             |     1 |     3 |     1 ||     5
  Use: Scroll            |     3 |     2 |     5 ||    10
       Potion            |     6 |     1 |     7 ||    14
Armor: Leather armour    |    14 |       |       ||    14
       Scale mail        |    73 |    83 |    77 ||   233
       Skin              |     3 |       |       ||     3
Dodge: Dodged            |    93 |    93 |    58 ||   244
Block: Tower shield      |       |       |    59 ||    59
       Buckler           |       |       |     7 ||     7

Table legend: (Time is in decaauts)
 A = Elapsed time spent in this place.
 B = Non-inter-level travel time spent in this place.
 C = Inter-level travel time spent in this place.
 D = Time resting spent in this place.
 E = Time spent auto-exploring this place.
 F = Levels seen in this place.
 G = Mean time per level.
                   A        B        C        D        E       F      G
               +--------+--------+--------+--------+--------+-----+--------+
         Total |   4202 |   4181 |     21 |    200 |   1115 |   7 |  600.3 |
       Dungeon |   4202 |   4181 |     21 |    200 |   1115 |   7 |  600.3 |
               +--------+--------+--------+--------+--------+-----+--------+

Top non-repeatable levels by time:
     D:2: 1053 daAuts
     D:3: 868 daAuts
     D:6: 858 daAuts
     D:1: 699 daAuts
     D:4: 541 daAuts
     D:5: 170 daAuts
     D:7: 10 daAuts
